AoeStats
← LM | TornardoBriese

Black Forest

505506684Analyzed
4v4 RM · 23d ago on Sep 9, 2026· 37m 28s· 8 players
Game mode
Random Map
Map size
Large (8 player)
Population
200
Speed
Normal
Resources
Standard
Victory
Conquest
Starting age
Dark Age
Ending age
Imperial Age
RankedLock teamsTeams togetherTeam positionsShared explorationLock speedFull tech treeHidden civsTurbo modeCheats
Victory
Defeat
🇨🇳 Japanese · China
1845
+12
🇩🇪 Vikings · Germany
1784
+14
🇬🇧 Lithuanians · United Kingdom
1705
+18
🇯🇵 Byzantines · Japan
1687
+18
🇦🇹 Mongols · Austria
1970
-24
🇩🇪 Celts · Germany
1814
-18
🇩🇪 Huns · Germany
1714
-14
🇨🇭 Persians · Switzerland
1475
-6
Hansdampf
11:23 Feudal Age
15:17 Castle Age
13:10 Double-Bit Axe
16:29 Horse Collar
17:01 Bow Saw
19:08 Town Watch
22:00 Fletching
22:06 Stone Mining
22:08 Gold Mining
24:09 Loom
24:48 Loom
25:34 Bodkin Arrow
28:26 Imperial Age
26:05 Stone Mining
26:03 Crossbowman
28:38 Ballistics
28:20 Padded Archer Armor
28:29 Arbalester
29:09 Bracer
30:34 Leather Archer Armor
31:20 Chemistry
31:11 Conscription
31:37 Heavy Plow
32:51 Ring Archer Armor
32:57 Coinage
34:00 Onager
34:19 Onager
35:40 Masonry
35:36 Siege Engineers
36:55 Hoardings
36:52 Architecture
36:00 Elite Skirmisher
37:03 Caravan
37:14 Siege Engineers
うーぺー
0:42 Loom
14:27 Feudal Age
18:18 Castle Age
19:55 Double-Bit Axe
21:25 Wheelbarrow
23:48 Imperial Age
21:07 Fishing Lines
21:33 Fletching
21:45 Crossbowman
22:49 Bow Saw
22:51 Gillnets
23:07 Bodkin Arrow
23:50 Gold Mining
25:58 Chemistry
25:40 Bracer
27:59 Horse Collar
30:51 Arbalester
35:12 Padded Archer Armor
35:22 Thumb Ring
38:24 Wheelbarrow
3046964519
0:44 Loom
11:36 Feudal Age
11:53 Man-at-Arms
12:48 Arson
15:19 Double-Bit Axe
21:52 Castle Age
23:16 Fletching
29:48 Wheelbarrow
32:46 Bodkin Arrow
33:56 Yasama
34:07 Guard Tower
34:38 Ballistics
37:25 Hand Cart
Torpedo
10:48 Feudal Age
12:15 Feudal Age
15:42 Castle Age
13:56 Double-Bit Axe
18:14 Bow Saw
18:18 Town Watch
18:16 Fishing Lines
20:15 Horse Collar
21:25 Fervor
21:33 Loom
24:11 Scale Barding Armor
24:17 Bloodlines
24:10 Husbandry
25:40 Gillnets
27:16 Wheelbarrow
29:35 Imperial Age
27:08 Heavy Plow
26:58 Gold Mining
27:03 Stone Mining
28:11 Hand Cart
30:38 Chain Barding Armor
29:43 Cavalier
30:45 Conscription
31:27 Two-Man Saw
30:48 Forging
32:04 Plate Barding Armor
31:15 Paladin
32:57 Iron Casting
35:45 Guilds
36:07 Crop Rotation
36:14 Stone Shaft Mining
36:25 Masonry
LM | TornardoBriese
4:44 Loom
15:08 Feudal Age
18:43 Castle Age
16:44 Double-Bit Axe
17:20 Horse Collar
19:19 Bow Saw
20:55 Wheelbarrow
24:08 Fishing Lines
26:19 Gillnets
26:38 Heavy Plow
26:58 Hand Cart
27:40 Scale Barding Armor
30:54 Imperial Age
28:24 Gold Mining
28:53 Masonry
29:35 Scale Barding Armor
29:58 Bloodlines
31:10 Chain Barding Armor
31:00 Forging
30:53 Husbandry
30:50 Cavalier
32:56 Plate Barding Armor
33:45 Iron Casting
34:44 Savar
34:54 Heavy Camel Rider
36:12 Iron Casting
LM \ Molle
0:45 Loom
13:53 Feudal Age
15:01 Town Watch
18:15 Castle Age
18:36 Fishing Lines
18:41 Double-Bit Axe
22:56 Bow Saw
25:41 Wheelbarrow
27:56 Hand Cart
31:31 Imperial Age
29:20 Horse Collar
30:10 Fletching
30:22 Padded Archer Armor
31:29 Thumb Ring
31:20 Bodkin Arrow
32:47 Parthian Tactics
Oni.FreakinAndy
1:02 Loom
12:55 Feudal Age
14:21 Double-Bit Axe
17:12 Castle Age
15:22 Gold Mining
18:19 Bow Saw
17:53 Fishing Lines
19:05 Gillnets
21:19 Fletching
22:04 Bodkin Arrow
24:58 Wheelbarrow
25:29 Town Watch
30:37 Imperial Age
29:09 Gold Shaft Mining
29:16 Padded Archer Armor
30:20 Masonry
30:50 Ballistics
32:25 Chemistry
31:29 Bracer
32:11 Bloodlines
32:02 Husbandry
33:07 Thumb Ring
33:26 Conscription
35:04 Parthian Tactics
35:56 Leather Archer Armor
37:29 Hand Cart
LM | MaisterNippon
12:27 Feudal Age
16:03 Castle Age
14:36 Double-Bit Axe
18:06 Bow Saw
22:03 Fishing Lines
24:00 Gillnets
25:42 Wheelbarrow
26:13 Horse Collar
27:36 Loom
31:49 Imperial Age
29:59 Gold Mining
31:18 Hand Cart
31:50 Onager
32:38 Siege Engineers
33:19 Gold Shaft Mining
33:35 Furor Celtica
35:14 Fortified Wall
36:36 Fletching
36:42 Siege Onager
Connection lost

Rejoining the realm…

Still unreachable

The connection could not be restored.

Session expired

The server has moved on; the page needs a fresh start.